Blackhawks vs Panthers

Created - Tuesday, January 26, 2016 at 00:20

Goals
1 2 3 T
Blackhawks 3 3 2 8
Panthers 0 4 2 6
Shots
1 2 3 T
Blackhawks 16 12 7 35
Panthers 7 16 10 33

1st period

1. Blackhawks , Brock Nelson 6 (Jeff Carter, Andy Greene) at 0:13
2. Blackhawks , Martin Hanzal 13 (Andy Greene, Troy Brouwer) at 8:31
3. Blackhawks , Jeff Carter 31 (David Backes, Dustin Byfuglien) at 11:13 (PP)

Penalties :
Michael Del Zotto (Chi) for Holding Stick (Minor) at 1:37, Kevin Hayes (Fla) for Holding (Minor) at 9:56, Simon Despres (Fla) for Holding (Minor) at 16:33

2nd period

4. Panthers , Ryan Johansen 20 (Nino Niederreiter) at 0:06 (PP)
5. Panthers , Ryan Johansen 21 (Ron Hainsey, Carlo Colaiacovo) at 6:55 (PP)
6. Blackhawks , Riley Sheahan 10 (Mike Hoffman, Craig Smith) at 10:07
7. Blackhawks , David Backes 31 (Jeff Carter) at 10:27 (PP)
8. Panthers , Nino Niederreiter 21 (Ryan Johansen, Kevin Hayes) at 11:17 (PP)
9. Blackhawks , Mike Hoffman 19 (Craig Smith, Riley Sheahan) at 14:26
10. Panthers , Ryan Johansen 22 (Nino Niederreiter, Calvin de Haan) at 14:48

Penalties :
Sami Vatanen (Chi) for Roughing (Minor) at 0:03, Tyler Toffoli (Chi) for Slashing (Minor) at 5:37, Robert Bortuzzo (Fla) for High sticking (Minor) at 10:10, David Backes (Chi) for Hooking (Minor) at 10:40, David Backes (Chi) for Holding (Minor) at 16:42

3rd period

11. Blackhawks , David Backes 32 (Jeff Carter) at 3:53 (PP)
12. Panthers , Ryan Johansen 23 (Robert Bortuzzo) at 6:30
13. Blackhawks , Jeff Carter 32 (David Backes) at 7:45 (PP)
14. Panthers , Ryan Johansen 24 (Lubomir Visnovsky) at 13:24

Penalties :
Alex Galchenyuk (Fla) for Hooking (Minor) at 0:12, Jakob Silfverberg (Fla) for Tripping (Minor) at 3:12, Ryan Johansen (Fla) for Hooking (Minor) at 4:00, Simon Despres (Fla) for Slashing (Minor) at 7:39, Dustin Byfuglien (Chi) for Roughing (Minor) at 10:37, Kevin Hayes (Fla) for Hooking (Minor) at 10:40, Simon Despres (Fla) for Holding (Minor) at 17:00

Goalie Stats

Scott Darling (Chi), 27 saves from 33 shots - (0.818), W, 11-2-1, 60:00 minutes
Michael Hutchinson (Fla), 16 saves from 21 shots - (0.762), 30:27 minutes
Kevin Poulin (Fla), 11 saves from 14 shots - (0.786), L, 6-28-0, 29:33 minutes

Players Stats for Blackhawks

Player Name              G  A  P  +/- PIM S  H  SB GA TA FO     MP     PP MP  PK MP  
------------------------------------------------------------------------------------
Andy Greene              0  2  2   3  0   4  0  1  0  2  0/0    16:47   0:03   3:07 
Brock Nelson             1  0  1  -1  0   1  2  0  0  1  0/0     8:58   0:00   0:00 
Brooks Laich             0  0  0   0  0   0  0  0  0  1  0/0    13:25   0:00   3:12 
Craig Smith              0  2  2   2  0   2  3  0  1  0  0/0    11:46   0:03   0:00 
David Backes             2  2  4   0  4   4  3  0  1  0  11/18  16:19   5:31   0:00 
Dustin Byfuglien         0  1  1   3  2   1  5  0  0  0  0/0    18:19   5:42   0:00 
Jared Spurgeon           0  0  0  -1  0   1  0  2  0  0  0/0    16:02   0:00   2:13 
Jeff Carter              2  3  5  -1  0   4  1  1  4  0  8/13   17:54   5:31   2:47 
Martin Hanzal            1  0  1   0  0   3  5  0  3  0  10/21  20:08   4:46   3:12 
Michael Del Zotto        0  0  0  -1  2   0  1  1  0  2  0/0    22:55   4:38   2:55 
Mike Hoffman             1  1  2   2  0   5  0  0  4  1  0/1    15:20   4:46   0:00 
Pascal Dupuis            0  0  0   0  0   3  1  1  1  0  0/0    19:08   5:31   2:47 
Riley Sheahan            1  1  2   2  0   2  0  0  0  0  6/9    11:46   0:03   0:00 
Sami Vatanen             0  0  0  -1  2   1  1  0  0  0  0/0    26:41   5:42   3:43 
Tanner Pearson           0  0  0   0  0   1  0  0  1  0  0/0    11:56   0:00   0:00 
Torey Krug               0  0  0  -1  0   1  0  0  0  0  0/0    19:33   4:38   0:00 
Troy Brouwer             0  1  1   0  0   1  3  0  3  2  0/0    11:06   0:00   0:00 
Tyler Toffoli            0  0  0  -1  2   1  3  0  2  0  0/0    13:56   4:46   0:00 

Players Stats for Panthers

Player Name              G  A  P  +/- PIM S  H  SB GA TA FO     MP     PP MP  PK MP  
------------------------------------------------------------------------------------
Adam Larsson             0  0  0   0  0   0  0  0  0  0  0/0     0:00   0:00   0:00 
Alex Galchenyuk          0  0  0   0  2   3  0  1  0  0  0/0    11:24   0:00   0:00 
Brad Boyes               0  0  0  -1  0   1  1  0  1  0  1/1    18:22   2:23   1:09 
Calvin de Haan           0  1  1   1  0   0  0  0  0  0  0/0    17:14   0:00   6:10 
Carlo Colaiacovo         0  1  1   1  0   1  2  0  0  0  0/0    18:54   2:27   0:22 
Charlie Coyle            0  0  0  -2  0   3  1  1  0  1  5/10   17:43   2:23   2:00 
Curtis Lazar             0  0  0   0  0   0  0  0  0  0  1/5     6:33   0:00   0:00 
Jakob Silfverberg        0  0  0  -2  2   3  0  0  1  1  0/0    12:47   0:00   0:00 
Jesper Fast              0  0  0   0  0   2  2  0  0  0  0/0     9:06   0:00   0:00 
Kevin Hayes              0  1  1   0  4   2  0  0  0  1  6/17   20:08   3:35   6:05 
Lubomir Visnovsky        0  1  1   1  0   0  0  2  1  0  0/0    14:57   0:00   0:00 
Nino Niederreiter        1  2  3   0  0   2  2  0  2  2  2/3    19:03   3:36   2:00 
Paul Byron               0  0  0   0  0   3  3  0  0  0  0/4    21:14   2:23   7:36 
Robert Bortuzzo          0  1  1   1  2   1  2  1  0  1  0/0    20:22   3:32   4:10 
Ron Hainsey              0  1  1  -3  0   0  2  3  1  3  0/0    28:38   3:32   8:07 
Ryan Johansen            5  1  6   1  2   10 0  1  11 1  12/22  21:19   3:36   1:06 
Sean Bergenheim          0  0  0   1  0   1  1  1  0  0  0/0     9:35   0:00   0:44 
Simon Despres            0  0  0  -3  6   1  5  0  0  2  0/0    20:16   2:27   1:51 

3 Stars

1 - Ryan Johansen (Fla)
2 - Jeff Carter (Chi)
3 - David Backes (Chi)

Power Play

Blackhawks - 4 on 9 Attempt(s) - 44.44%
Panthers - 3 on 6 Attempt(s) - 50.00%

Penalty Kill

Blackhawks - 3 on 6 Attempt(s) - 50.00% - Score 0 goal in Penalty Kill
Panthers - 5 on 9 Attempt(s) - 55.56% - Score 0 goal in Penalty Kill

Team Stat

Blackhawks - Hits : 28 - Faceoff Wins : 35 - Blocked Shots : 6 - Penalty Minutes : 12
Panthers - Hits : 21 - Faceoff Wins : 27 - Blocked Shots : 10 - Penalty Minutes : 18

Official

Referees : Unknown
Linesman : Unknown

Game Notes

Kevin Poulin enters game at 10:27 of 2nd period
Ryan Johansen has scored a Hat Trick!

Finance

Level 1 -- Attendance: 5244 (87.40%) -- Ticket Income $445,740
Level 2 -- Attendance: 4780 (95.60%) -- Ticket Income $239,000
Level 3 -- Attendance: 1873 (93.65%) -- Ticket Income $56,190
Level 4 -- Attendance: 3753 (93.83%) -- Ticket Income $63,801
Luxury Box -- Attendance: 915 (91.50%) -- Ticket Income $160,125
Game was played at the BankAtlantic Center.
Total Attendance: 16565 (92.03%)
Total Ticket Income: $964,856
Other Income: $472,779
Total Income: $1,437,635

Blackhawks

5 vs 5 Forward 
   Center                   Left Wing                Right Wing               Time % Phy DF OF 
 1 Jeff Carter              Brock Nelson             Tyler Toffoli            25     0   1  4  
 2 Riley Sheahan            Mike Hoffman             Craig Smith              25     0   1  4  
 3 David Backes             Pascal Dupuis            Brooks Laich             25     1   1  3  
 4 Martin Hanzal            Tanner Pearson           Troy Brouwer             25     1   2  2  

5 vs 5 Defense 
   Defense                  Defense                                           Time % Phy DF OF 
 1 Andy Greene              Dustin Byfuglien                                  30     1   2  2  
 2 Sami Vatanen             Jared Spurgeon                                    30     1   2  2  
 3 Torey Krug               Michael Del Zotto                                 30     1   2  2  
 4 Sami Vatanen             Jared Spurgeon                                    10     1   2  2  

PowerPlay Forward 
   Center                   Left Wing                Right Wing               Time % Phy DF OF 
 1 David Backes             Pascal Dupuis            Jeff Carter              60     0   1  4  
 2 Martin Hanzal            Mike Hoffman             Tyler Toffoli            40     0   1  4  

PowerPlay Defense
   Defense                  Defense                                           Time % Phy DF OF 
 1 Sami Vatanen             Dustin Byfuglien                                  60     1   1  3  
 2 Torey Krug               Michael Del Zotto                                 40     1   1  3  

Penalty Kill 4 Players Forward 
   Center                   Wing                     Time % Phy DF OF 
 1 Jeff Carter              Pascal Dupuis            50     1   3  1  
 2 Martin Hanzal            Brooks Laich             50     1   3  1  

Penalty Kill 4 Players Defense
   Defense                  Defense                  Time % Phy DF OF 
 1 Andy Greene              Jared Spurgeon           50     2   3  0  
 2 Sami Vatanen             Michael Del Zotto        50     2   3  0  

Penalty Kill - 3 Players Forward 
   Forward                                           Time % Phy DF OF 
 1 David Backes                                      50     1   4  0  
 2 Troy Brouwer                                      50     1   4  0  

Penalty Kill - 3 Players Defense
   Defense                  Defense                  Time % Phy DF OF 
 1 Andy Greene              Jared Spurgeon           50     1   4  0  
 2 Sami Vatanen             Michael Del Zotto        50     1   4  0  

4 vs 4 Forward 
   Center                   Wing                     Time % Phy DF OF 
 1 Riley Sheahan            Craig Smith              50     0   2  3  
 2 Martin Hanzal            Tanner Pearson           50     0   2  3  

4 vs 4 Defense
   Defense                  Defense                  Time % Phy DF OF 
 1 Torey Krug               Michael Del Zotto        50     1   2  2  
 2 Andy Greene              Dustin Byfuglien         50     1   2  2  

Last Minutes Offensive
   Center                   Left Wing                Right Wing               Defense                  Defense                  
   David Backes             Pascal Dupuis            Jeff Carter              Sami Vatanen             Dustin Byfuglien         

Last Minutes Defensive
   Center                   Left Wing                Right Wing               Defense                  Defense                  
   David Backes             Brooks Laich             Troy Brouwer             Andy Greene              Jared Spurgeon           

Goaltenders
Starting : Scott Darling            
Backup : Craig Anderson           

Extra Forwards
Normal : Mike Hoffman, Tanner Pearson, Jeff Carter - PP : Mike Hoffman, Tanner Pearson - PK : Brooks Laich
Extra Defensemen
Normal : Sami Vatanen, Torey Krug, Dustin Byfuglien - PP : Torey Krug - PK : Michael Del Zotto, Andy Greene
Penalty Shots
Brock Nelson, Riley Sheahan, Pascal Dupuis, Craig Smith, Jeff Carter

Panthers

5 vs 5 Forward 
   Center                   Left Wing                Right Wing               Time % Phy DF OF 
 1 Ryan Johansen            Alex Galchenyuk          Nino Niederreiter        35     1   2  2  
 2 Charlie Coyle            Jakob Silfverberg        Brad Boyes               30     1   2  2  
 3 Kevin Hayes              Paul Byron               Jesper Fast              22     1   2  2  
 4 Curtis Lazar             Sean Bergenheim          Ryan Johansen            13     1   2  2  

5 vs 5 Defense 
   Defense                  Defense                                           Time % Phy DF OF 
 1 Simon Despres            Ron Hainsey                                       35     1   2  2  
 2 Carlo Colaiacovo         Lubomir Visnovsky                                 30     1   2  2  
 3 Calvin de Haan           Robert Bortuzzo                                   22     1   2  2  
 4 Simon Despres            Ron Hainsey                                       13     1   2  2  

PowerPlay Forward 
   Center                   Left Wing                Right Wing               Time % Phy DF OF 
 1 Kevin Hayes              Ryan Johansen            Nino Niederreiter        60     1   2  2  
 2 Charlie Coyle            Paul Byron               Brad Boyes               40     1   2  2  

PowerPlay Defense
   Defense                  Defense                                           Time % Phy DF OF 
 1 Robert Bortuzzo          Ron Hainsey                                       60     1   2  2  
 2 Simon Despres            Carlo Colaiacovo                                  40     1   2  2  

Penalty Kill 4 Players Forward 
   Center                   Wing                     Time % Phy DF OF 
 1 Kevin Hayes              Paul Byron               60     1   2  2  
 2 Nino Niederreiter        Charlie Coyle            40     1   2  2  

Penalty Kill 4 Players Defense
   Defense                  Defense                  Time % Phy DF OF 
 1 Calvin de Haan           Ron Hainsey              60     1   2  2  
 2 Simon Despres            Robert Bortuzzo          40     1   2  2  

Penalty Kill - 3 Players Forward 
   Forward                                           Time % Phy DF OF 
 1 Nino Niederreiter                                 60     1   2  2  
 2 Charlie Coyle                                     40     1   2  2  

Penalty Kill - 3 Players Defense
   Defense                  Defense                  Time % Phy DF OF 
 1 Calvin de Haan           Ron Hainsey              60     1   2  2  
 2 Simon Despres            Robert Bortuzzo          40     1   2  2  

4 vs 4 Forward 
   Center                   Wing                     Time % Phy DF OF 
 1 Paul Byron               Kevin Hayes              60     1   2  2  
 2 Nino Niederreiter        Charlie Coyle            40     1   2  2  

4 vs 4 Defense
   Defense                  Defense                  Time % Phy DF OF 
 1 Robert Bortuzzo          Ron Hainsey              60     1   2  2  
 2 Simon Despres            Carlo Colaiacovo         40     1   2  2  

Last Minutes Offensive
   Center                   Left Wing                Right Wing               Defense                  Defense                  
   Ryan Johansen            Alex Galchenyuk          Nino Niederreiter        Simon Despres            Ron Hainsey              

Last Minutes Defensive
   Center                   Left Wing                Right Wing               Defense                  Defense                  
   Ryan Johansen            Alex Galchenyuk          Nino Niederreiter        Simon Despres            Ron Hainsey              

Goaltenders
Starting : Michael Hutchinson       
Backup : Kevin Poulin             

Extra Forwards
Normal : Nino Niederreiter, Kevin Hayes, Paul Byron - PP : Nino Niederreiter, Kevin Hayes - PK : Paul Byron
Extra Defensemen
Normal : Simon Despres, Robert Bortuzzo, Ron Hainsey - PP : Ron Hainsey - PK : Robert Bortuzzo, Ron Hainsey
Penalty Shots
Kevin Hayes, Paul Byron, Nino Niederreiter, Charlie Coyle, Ryan Johansen

% Time on Ice - Blackhawks

Lines # - Real PCT - Wanted PCT - Time Play
Normal Forward
1 - 24% - 25% - 9:52
2 - 25% - 25% - 10:35
3 - 24% - 25% - 10:12
4 - 27% - 25% - 11:06
Normal Defense
1 - 30% - 30% - 12:22
2 - 32% - 30% - 13:23
3 - 34% - 30% - 14:19
4 - 4% - 10% - 1:41
PP Forward
1 - 54% - 60% - 5:34
2 - 46% - 40% - 4:46
PP Defense
1 - 55% - 60% - 5:39
2 - 45% - 40% - 4:41
PK Forward
1 - 47% - 50% - 2:47
2 - 53% - 50% - 3:12
PK Defense
1 - 37% - 50% - 2:13
2 - 63% - 50% - 3:46
PK3 Forward
1 - 0% - 50%
2 - 0% - 50%
PK3 Defense
1 - 0% - 50%
2 - 0% - 50%
44 Forward
1 - 57% - 50% - 1:06
2 - 43% - 50% - 0:50
44 Defense
1 - 29% - 50% - 0:34
2 - 71% - 50% - 1:22
Last Minute Offensive  - 0:00
Last Minute Defensive  - 0:00
Total
Forward - 60:00
Defense - 60:00

% Time on Ice - Panthers

Lines # - Real PCT - Wanted PCT - Time Play
Normal Forward
1 - 31% - 35% - 12:46
2 - 32% - 30% - 13:20
3 - 22% - 22% - 9:06
4 - 16% - 13% - 6:33
Normal Defense
1 - 34% - 35% - 14:12
2 - 37% - 30% - 15:24
3 - 25% - 22% - 10:18
4 - 4% - 13% - 1:51
PP Forward
1 - 60% - 60% - 3:36
2 - 40% - 40% - 2:23
PP Defense
1 - 59% - 60% - 3:32
2 - 41% - 40% - 2:27
PK Forward
1 - 81% - 60% - 8:20
2 - 19% - 40% - 2:00
PK Defense
1 - 60% - 60% - 6:13
2 - 40% - 40% - 4:07
PK3 Forward
1 - 0% - 60%
2 - 0% - 40%
PK3 Defense
1 - 0% - 60%
2 - 0% - 40%
44 Forward
1 - 100% - 60% - 1:56
2 - 0% - 40% - 0:00
44 Defense
1 - 48% - 60% - 0:56
2 - 52% - 40% - 1:00
Last Minute Offensive  - 0:00
Last Minute Defensive  - 0:00
Total
Forward - 60:00
Defense - 60:00

Play by Play

1st period


0:01 of 1st period - Jeff Carter wins face-off versus Ryan Johansen in neutral zone.
0:04 of 1st period - Ron Hainsey is hit by Dustin Byfuglien and loses puck.
0:09 of 1st period - Snap shot by Jeff Carter.
0:09 of 1st period - Shot Blocked by Ryan Johansen.
0:11 of 1st period - Slapshot by Jeff Carter.
0:11 of 1st period - Shot Misses the Net.
0:13 of 1st period - Snap shot by Brock Nelson.
0:13 of 1st period - Goal by Brock Nelson - Blackhawks : 1 - Panthers : 0.
0:14 of 1st period - Riley Sheahan wins face-off versus Charlie Coyle in neutral zone.
0:17 of 1st period - Slapshot by Mike Hoffman.
0:17 of 1st period - Stopped by Michael Hutchinson with a rebound.
0:21 of 1st period - Snap shot by Craig Smith.
0:21 of 1st period - Deflect By Riley Sheahan.
0:21 of 1st period - Shot Misses the Net.
0:21 of 1st period - Puck is out of play.
0:22 of 1st period - Riley Sheahan wins face-off versus Charlie Coyle in Panthers zone.
0:25 of 1st period - Backhand shot by Craig Smith.
0:25 of 1st period - Shot Misses the Net.
0:27 of 1st period - Snap shot by Jared Spurgeon.
0:27 of 1st period - Shot Blocked by Lubomir Visnovsky.
0:29 of 1st period - Slapshot by Sami Vatanen.
0:29 of 1st period - Shot Blocked by Charlie Coyle.
0:55 of 1st period - Snap shot by Jakob Silfverberg.
0:55 of 1st period - Stopped by Scott Darling with a rebound.
1:37 of 1st period - Minor Penalty to Michael Del Zotto for Holding Stick.
1:38 of 1st period - Jeff Carter wins face-off versus Kevin Hayes in Blackhawks zone.
2:34 of 1st period - Robert Bortuzzo is hit by Martin Hanzal and loses puck.
2:45 of 1st period - Off-side.
2:46 of 1st period - Martin Hanzal wins face-off versus Kevin Hayes in neutral zone.
3:23 of 1st period - Pascal Dupuis is hit by Simon Despres and loses puck.
3:37 of 1st period - Penalty to Michael Del Zotto is over, Michael Del Zotto is back on ice.
4:05 of 1st period - Ryan Johansen is hit by Craig Smith and loses puck.
4:12 of 1st period - Snap shot by Robert Bortuzzo.
4:12 of 1st period - Stopped by Scott Darling without a rebound.
4:13 of 1st period - Martin Hanzal wins face-off versus Curtis Lazar in Blackhawks zone.
4:36 of 1st period - Tanner Pearson is hit by Ron Hainsey and loses puck.
5:12 of 1st period - Sami Vatanen is hit by Simon Despres and loses puck.
5:19 of 1st period - Slapshot by Jared Spurgeon.
5:19 of 1st period - Shot Misses the Net.
6:04 of 1st period - Snap shot by Jakob Silfverberg.
6:04 of 1st period - Stopped by Scott Darling with a rebound.
6:12 of 1st period - Brooks Laich is hit by Robert Bortuzzo and loses puck.
7:20 of 1st period - Slapshot by Carlo Colaiacovo.
7:20 of 1st period - Stopped by Scott Darling with a rebound.
7:38 of 1st period - Michael Del Zotto is hit by Jesper Fast and loses puck.
8:17 of 1st period - Wrist shot by Martin Hanzal.
8:17 of 1st period - Stopped by Michael Hutchinson with a rebound.
8:21 of 1st period - Wrist shot by Tanner Pearson.
8:21 of 1st period - Shot Blocked by Alex Galchenyuk.
8:23 of 1st period - Slapshot by Martin Hanzal.
8:23 of 1st period - Shot Misses the Net.
8:25 of 1st period - Snap shot by Troy Brouwer.
8:25 of 1st period - Stopped by Michael Hutchinson with a rebound.
8:27 of 1st period - Slapshot by Andy Greene.
8:27 of 1st period - Stopped by Michael Hutchinson with a rebound.
8:29 of 1st period - Slapshot by Andy Greene.
8:29 of 1st period - Stopped by Michael Hutchinson with a rebound.
8:31 of 1st period - Wrist shot by Martin Hanzal.
8:31 of 1st period - Goal by Martin Hanzal - Blackhawks : 2 - Panthers : 0.
8:32 of 1st period - Jeff Carter wins face-off versus Charlie Coyle in neutral zone.
8:45 of 1st period - Wrist shot by Charlie Coyle.
8:45 of 1st period - Shot Misses the Net.
8:59 of 1st period - Jakob Silfverberg is hit by Jeff Carter and loses puck.
9:56 of 1st period - Minor Penalty to Kevin Hayes for Holding.
9:57 of 1st period - David Backes wins face-off versus Ryan Johansen in Panthers zone.
9:59 of 1st period - Snap shot by Jeff Carter.
9:59 of 1st period - Shot Misses the Net.
10:01 of 1st period - Snap shot by David Backes.
10:01 of 1st period - Stopped by Michael Hutchinson with a rebound.
10:03 of 1st period - Slapshot by Torey Krug.
10:03 of 1st period - Stopped by Michael Hutchinson with a rebound.
10:35 of 1st period - Snap shot by Mike Hoffman.
10:35 of 1st period - Stopped by Michael Hutchinson with a rebound.
10:39 of 1st period - Snap shot by Mike Hoffman.
10:39 of 1st period - Stopped by Michael Hutchinson with a rebound.
11:09 of 1st period - Wrist shot by David Backes.
11:09 of 1st period - Shot Misses the Net.
11:11 of 1st period - Snap shot by Jeff Carter.
11:11 of 1st period - Stopped by Michael Hutchinson with a rebound.
11:13 of 1st period - Wrist shot by David Backes.
11:13 of 1st period - Deflect By Jeff Carter.
11:13 of 1st period - Goal by Jeff Carter - Blackhawks : 3 - Panthers : 0.
11:14 of 1st period - Kevin Hayes wins face-off versus Martin Hanzal in neutral zone.
11:17 of 1st period - Martin Hanzal is hit by Carlo Colaiacovo and loses puck.
12:03 of 1st period - Snap shot by Nino Niederreiter.
12:03 of 1st period - Deflect By Alex Galchenyuk.
12:03 of 1st period - Stopped by Scott Darling with a rebound.
12:05 of 1st period - Slapshot by Ron Hainsey.
12:05 of 1st period - Shot Blocked by Jeff Carter.
12:26 of 1st period - Snap shot by Charlie Coyle.
12:26 of 1st period - Shot Misses the Net.
12:28 of 1st period - Snap shot by Jakob Silfverberg.
12:28 of 1st period - Shot Misses the Net.
13:12 of 1st period - Kevin Hayes is hit by Dustin Byfuglien.
13:39 of 1st period - Snap shot by David Backes.
13:39 of 1st period - Deflect By Pascal Dupuis.
13:39 of 1st period - Stopped by Michael Hutchinson with a rebound.
14:02 of 1st period - Off-side.
14:03 of 1st period - Ryan Johansen wins face-off versus Mike Hoffman in neutral zone.
14:42 of 1st period - Sami Vatanen is hit by Sean Bergenheim.
15:18 of 1st period - Jakob Silfverberg is hit by Martin Hanzal and loses puck.
15:31 of 1st period - Charlie Coyle is hit by Troy Brouwer and loses puck.
15:52 of 1st period - Snap shot by Pascal Dupuis.
15:52 of 1st period - Stopped by Michael Hutchinson with a rebound.
16:33 of 1st period - Minor Penalty to Simon Despres for Holding.
16:34 of 1st period - Kevin Hayes wins face-off versus David Backes in Panthers zone.
16:46 of 1st period - Slapshot by David Backes.
16:46 of 1st period - Shot Misses the Net.
17:28 of 1st period - Ron Hainsey is hit by Martin Hanzal and loses puck.
17:49 of 1st period - Kevin Hayes is hit by David Backes and loses puck.
18:14 of 1st period - Ron Hainsey is hit by Tyler Toffoli and loses puck.
18:19 of 1st period - Snap shot by Mike Hoffman.
18:19 of 1st period - Stopped by Michael Hutchinson without a rebound.
18:20 of 1st period - Nino Niederreiter wins face-off versus Martin Hanzal in Panthers zone.
18:33 of 1st period - Penalty to Simon Despres is over, Simon Despres is back on ice.
19:43 of 1st period - Snap shot by Nino Niederreiter.
19:43 of 1st period - Stopped by Scott Darling with a rebound.
19:45 of 1st period - Wrist shot by Ryan Johansen.
19:45 of 1st period - Stopped by Scott Darling without a rebound.
19:46 of 1st period - David Backes wins face-off versus Nino Niederreiter in Blackhawks zone.
19:46 of 1st period - David Backes is hit by Nino Niederreiter.
19:52 of 1st period - Calvin de Haan is hit by Pascal Dupuis and loses puck.
Goals for this period are 3 for Blackhawks vs 0 for Panthers.
Shots for this period are 16 for Blackhawks vs 7 for Panthers.

2nd period


0:01 of 2nd period - Jeff Carter wins face-off versus Ryan Johansen in neutral zone.
0:03 of 2nd period - Minor Penalty to Sami Vatanen for Roughing.
0:04 of 2nd period - Nino Niederreiter wins face-off versus Jeff Carter in Blackhawks zone.
0:06 of 2nd period - Wrist shot by Ryan Johansen.
0:06 of 2nd period - Goal by Ryan Johansen - Blackhawks : 3 - Panthers : 1.
0:07 of 2nd period - Jeff Carter wins face-off versus Ryan Johansen in neutral zone.
0:41 of 2nd period - Icing by Ron Hainsey.
0:42 of 2nd period - Ryan Johansen wins face-off versus Martin Hanzal in Panthers zone.
1:38 of 2nd period - Snap shot by Pascal Dupuis.
1:38 of 2nd period - Shot Blocked by Ron Hainsey.
2:02 of 2nd period - Snap shot by Brad Boyes.
2:02 of 2nd period - Deflect By Charlie Coyle.
2:02 of 2nd period - Stopped by Scott Darling with a rebound.
2:10 of 2nd period - Snap shot by Charlie Coyle.
2:10 of 2nd period - Stopped by Scott Darling with a rebound.
2:24 of 2nd period - Carlo Colaiacovo is hit by Michael Del Zotto and loses puck.
2:37 of 2nd period - Dustin Byfuglien is hit by Carlo Colaiacovo and loses puck.
2:46 of 2nd period - Slapshot by Dustin Byfuglien.
2:46 of 2nd period - Shot Misses the Net.
2:48 of 2nd period - Slapshot by Andy Greene.
2:48 of 2nd period - Stopped by Michael Hutchinson with a rebound.
2:50 of 2nd period - Slapshot by Andy Greene.
2:50 of 2nd period - Stopped by Michael Hutchinson with a rebound.
3:26 of 2nd period - Ryan Johansen is hit by Dustin Byfuglien and loses puck.
3:39 of 2nd period - Wrist shot by Alex Galchenyuk.
3:39 of 2nd period - Stopped by Scott Darling without a rebound.
3:40 of 2nd period - Martin Hanzal wins face-off versus Ryan Johansen in Blackhawks zone.
4:14 of 2nd period - Tanner Pearson is hit by Paul Byron and loses puck.
4:23 of 2nd period - Snap shot by Kevin Hayes.
4:23 of 2nd period - Deflect By Jesper Fast.
4:23 of 2nd period - Shot Blocked by Jared Spurgeon.
4:23 of 2nd period - Puck is out of play.
4:24 of 2nd period - Charlie Coyle wins face-off versus Riley Sheahan in Blackhawks zone.
4:43 of 2nd period - Snap shot by Craig Smith.
4:43 of 2nd period - Shot Misses the Net.
4:57 of 2nd period - Ron Hainsey is hit by Craig Smith and loses puck.
5:37 of 2nd period - Minor Penalty to Tyler Toffoli for Slashing.
5:38 of 2nd period - Martin Hanzal wins face-off versus Kevin Hayes in Blackhawks zone.
6:15 of 2nd period - Snap shot by Paul Byron.
6:15 of 2nd period - Stopped by Scott Darling with a rebound.
6:46 of 2nd period - Sami Vatanen is hit by Simon Despres and loses puck.
6:53 of 2nd period - Snap shot by Ryan Johansen.
6:53 of 2nd period - Shot Misses the Net.
6:55 of 2nd period - Slapshot by Ron Hainsey.
6:55 of 2nd period - Deflect By Ryan Johansen.
6:55 of 2nd period - Goal by Ryan Johansen - Blackhawks : 3 - Panthers : 2.
6:56 of 2nd period - Riley Sheahan wins face-off versus Charlie Coyle in neutral zone.
7:09 of 2nd period - Wrist shot by Craig Smith.
7:09 of 2nd period - Stopped by Michael Hutchinson with a rebound.
7:19 of 2nd period - Michael Del Zotto is hit by Brad Boyes and loses puck.
8:05 of 2nd period - Lubomir Visnovsky is hit by Troy Brouwer and loses puck.
9:19 of 2nd period - Ron Hainsey is hit by Tyler Toffoli.
10:07 of 2nd period - Snap shot by Mike Hoffman.
10:07 of 2nd period - Deflect By Riley Sheahan.
10:07 of 2nd period - Goal by Riley Sheahan - Blackhawks : 4 - Panthers : 2.
10:08 of 2nd period - Kevin Hayes wins face-off versus Martin Hanzal in neutral zone.
10:10 of 2nd period - Minor Penalty to Robert Bortuzzo for High sticking.
10:11 of 2nd period - David Backes wins face-off versus Paul Byron in Panthers zone.
10:27 of 2nd period - Wrist shot by David Backes.
10:27 of 2nd period - Goal by David Backes - Blackhawks : 5 - Panthers : 2.
10:27 of 2nd period - Kevin Poulin enters game.
10:28 of 2nd period - Ryan Johansen wins face-off versus David Backes in neutral zone.
10:40 of 2nd period - Minor Penalty to David Backes for Hooking.
10:41 of 2nd period - Jeff Carter wins face-off versus Kevin Hayes in Blackhawks zone.
11:00 of 2nd period - Michael Del Zotto is hit by Ron Hainsey and loses puck.
11:17 of 2nd period - Slapshot by Nino Niederreiter.
11:17 of 2nd period - Goal by Nino Niederreiter - Blackhawks : 5 - Panthers : 3.
11:18 of 2nd period - Charlie Coyle wins face-off versus Martin Hanzal in neutral zone.
11:31 of 2nd period - Slapshot by Dustin Byfuglien.
11:31 of 2nd period - Deflect By Troy Brouwer.
11:31 of 2nd period - Shot Misses the Net.
11:31 of 2nd period - Puck is out of play.
11:32 of 2nd period - Martin Hanzal wins face-off versus Charlie Coyle in Panthers zone.
11:51 of 2nd period - Snap shot by Tanner Pearson.
11:51 of 2nd period - Stopped by Kevin Poulin without a rebound.
11:52 of 2nd period - Ryan Johansen wins face-off versus Jeff Carter in Panthers zone.
12:01 of 2nd period - Nino Niederreiter is hit by Brock Nelson and loses puck.
12:10 of 2nd period - Snap shot by Tyler Toffoli.
12:10 of 2nd period - Shot Blocked by Lubomir Visnovsky.
12:12 of 2nd period - Slapshot by Jared Spurgeon.
12:12 of 2nd period - Deflect By Ryan Johansen.
12:12 of 2nd period - Stopped by Kevin Poulin with a rebound.
12:53 of 2nd period - Simon Despres is hit by David Backes and loses puck.
13:04 of 2nd period - Snap shot by Pascal Dupuis.
13:04 of 2nd period - Stopped by Kevin Poulin with a rebound.
13:06 of 2nd period - Wrist shot by Pascal Dupuis.
13:06 of 2nd period - Deflect By David Backes.
13:06 of 2nd period - Stopped by Kevin Poulin with a rebound.
14:01 of 2nd period - Riley Sheahan is hit by Simon Despres and loses puck.
14:14 of 2nd period - Snap shot by Craig Smith.
14:14 of 2nd period - Stopped by Kevin Poulin with a rebound.
14:26 of 2nd period - Wrist shot by Mike Hoffman.
14:26 of 2nd period - Goal by Mike Hoffman - Blackhawks : 6 - Panthers : 3.
14:27 of 2nd period - Jeff Carter wins face-off versus Ryan Johansen in neutral zone.
14:30 of 2nd period - Wrist shot by Tyler Toffoli.
14:30 of 2nd period - Deflect By Ryan Johansen.
14:30 of 2nd period - Stopped by Kevin Poulin with a rebound.
14:44 of 2nd period - Snap shot by Ryan Johansen.
14:44 of 2nd period - Shot Blocked by Jared Spurgeon.
14:46 of 2nd period - Slapshot by Ryan Johansen.
14:46 of 2nd period - Stopped by Scott Darling with a rebound.
14:48 of 2nd period - Wrist shot by Ryan Johansen.
14:48 of 2nd period - Goal by Ryan Johansen - Blackhawks : 6 - Panthers : 4.
14:49 of 2nd period - Ryan Johansen wins face-off versus David Backes in neutral zone.
14:54 of 2nd period - Slapshot by Ryan Johansen.
14:54 of 2nd period - Stopped by Scott Darling without a rebound.
14:55 of 2nd period - Ryan Johansen wins face-off versus David Backes in Blackhawks zone.
15:44 of 2nd period - Icing by Sami Vatanen.
15:45 of 2nd period - Jeff Carter wins face-off versus Kevin Hayes in Blackhawks zone.
15:45 of 2nd period - Jeff Carter is hit by Paul Byron.
15:51 of 2nd period - Ron Hainsey is hit by Brock Nelson and loses puck.
16:04 of 2nd period - Slapshot by Paul Byron.
16:04 of 2nd period - Deflect By Jesper Fast.
16:04 of 2nd period - Stopped by Scott Darling with a rebound.
16:06 of 2nd period - Slapshot by Simon Despres.
16:06 of 2nd period - Stopped by Scott Darling without a rebound.
16:07 of 2nd period - Charlie Coyle wins face-off versus Martin Hanzal in Blackhawks zone.
16:10 of 2nd period - Wrist shot by Brad Boyes.
16:10 of 2nd period - Stopped by Scott Darling with a rebound.
16:30 of 2nd period - Snap shot by Charlie Coyle.
16:30 of 2nd period - Stopped by Scott Darling with a rebound.
16:32 of 2nd period - Snap shot by Jakob Silfverberg.
16:32 of 2nd period - Deflect By Andy Greene.
16:32 of 2nd period - Stopped by Scott Darling with a rebound.
16:34 of 2nd period - Backhand shot by Charlie Coyle.
16:34 of 2nd period - Deflect By Brad Boyes.
16:34 of 2nd period - Shot Hit the Post.
16:34 of 2nd period - Puck is out of play.
16:35 of 2nd period - Ryan Johansen wins face-off versus David Backes in Blackhawks zone.
16:40 of 2nd period - Slapshot by Ryan Johansen.
16:40 of 2nd period - Shot Misses the Net.
16:42 of 2nd period - Minor Penalty to David Backes for Holding.
16:43 of 2nd period - Martin Hanzal wins face-off versus Kevin Hayes in Blackhawks zone.
17:39 of 2nd period - Martin Hanzal is hit by Robert Bortuzzo and loses puck.
18:36 of 2nd period - Pascal Dupuis is hit by Charlie Coyle and loses puck.
18:42 of 2nd period - Penalty to David Backes is over, David Backes is back on ice.
18:55 of 2nd period - Sean Bergenheim is hit by David Backes and loses puck.
19:08 of 2nd period - Wrist shot by Ryan Johansen.
19:08 of 2nd period - Deflect By Sean Bergenheim.
19:08 of 2nd period - Stopped by Scott Darling without a rebound.
19:09 of 2nd period - Ryan Johansen wins face-off versus Riley Sheahan in Blackhawks zone.
19:44 of 2nd period - Andy Greene is hit by Jesper Fast and loses puck.
Goals for this period are 3 for Blackhawks vs 4 for Panthers.
Shots for this period are 12 for Blackhawks vs 16 for Panthers.

3rd period


0:01 of 3rd period - Ryan Johansen wins face-off versus Martin Hanzal in neutral zone.
0:12 of 3rd period - Minor Penalty to Alex Galchenyuk for Hooking.
0:13 of 3rd period - David Backes wins face-off versus Kevin Hayes in Panthers zone.
1:07 of 3rd period - Dustin Byfuglien is hit by Paul Byron and loses puck.
2:12 of 3rd period - Penalty to Alex Galchenyuk is over, Alex Galchenyuk is back on ice.
2:39 of 3rd period - Wrist shot by Martin Hanzal.
2:39 of 3rd period - Shot Blocked by Ron Hainsey.
2:41 of 3rd period - Wrist shot by Troy Brouwer.
2:41 of 3rd period - Shot Blocked by Sean Bergenheim.
2:43 of 3rd period - Slapshot by Dustin Byfuglien.
2:43 of 3rd period - Shot Blocked by Ron Hainsey.
2:45 of 3rd period - Slapshot by Dustin Byfuglien.
2:45 of 3rd period - Deflect By Martin Hanzal.
2:45 of 3rd period - Stopped by Kevin Poulin without a rebound.
2:46 of 3rd period - Riley Sheahan wins face-off versus Ryan Johansen in Panthers zone.
3:07 of 3rd period - Snap shot by Mike Hoffman.
3:07 of 3rd period - Shot Misses the Net.
3:09 of 3rd period - Snap shot by Riley Sheahan.
3:09 of 3rd period - Stopped by Kevin Poulin without a rebound.
3:10 of 3rd period - Charlie Coyle wins face-off versus Martin Hanzal in Panthers zone.
3:12 of 3rd period - Minor Penalty to Jakob Silfverberg for Tripping.
3:13 of 3rd period - Kevin Hayes wins face-off versus Martin Hanzal in Panthers zone.
3:32 of 3rd period - Snap shot by Kevin Hayes.
3:32 of 3rd period - Stopped by Scott Darling with a rebound.
3:53 of 3rd period - Snap shot by David Backes.
3:53 of 3rd period - Goal by David Backes - Blackhawks : 7 - Panthers : 4.
3:54 of 3rd period - David Backes wins face-off versus Ryan Johansen in neutral zone.
4:00 of 3rd period - Minor Penalty to Ryan Johansen for Hooking.
4:01 of 3rd period - David Backes wins face-off versus Kevin Hayes in Panthers zone.
4:24 of 3rd period - Paul Byron is hit by Dustin Byfuglien and loses puck.
5:13 of 3rd period - Paul Byron is hit by Martin Hanzal and loses puck.
6:00 of 3rd period - Penalty to Ryan Johansen is over, Ryan Johansen is back on ice.
6:17 of 3rd period - Sami Vatanen is hit by Simon Despres and loses puck.
6:30 of 3rd period - Wrist shot by Ryan Johansen.
6:30 of 3rd period - Goal by Ryan Johansen - Blackhawks : 7 - Panthers : 5.
6:31 of 3rd period - Ryan Johansen wins face-off versus Riley Sheahan in neutral zone.
6:34 of 3rd period - Snap shot by Alex Galchenyuk.
6:34 of 3rd period - Stopped by Scott Darling with a rebound.
6:42 of 3rd period - Snap shot by Ryan Johansen.
6:42 of 3rd period - Stopped by Scott Darling with a rebound.
6:48 of 3rd period - Snap shot by Ryan Johansen.
6:48 of 3rd period - Shot Misses the Net.
7:15 of 3rd period - Charlie Coyle is hit by Craig Smith and loses puck.
7:39 of 3rd period - Minor Penalty to Simon Despres for Slashing.
7:40 of 3rd period - David Backes wins face-off versus Kevin Hayes in Panthers zone.
7:45 of 3rd period - Snap shot by Jeff Carter.
7:45 of 3rd period - Goal by Jeff Carter - Blackhawks : 8 - Panthers : 5.
7:46 of 3rd period - Ryan Johansen wins face-off versus David Backes in neutral zone.
7:49 of 3rd period - Michael Del Zotto is hit by Nino Niederreiter.
7:57 of 3rd period - Snap shot by David Backes.
7:57 of 3rd period - Deflect By Pascal Dupuis.
7:57 of 3rd period - Shot Misses the Net.
7:57 of 3rd period - Puck is out of play.
7:58 of 3rd period - David Backes wins face-off versus Ryan Johansen in Panthers zone.
8:15 of 3rd period - Icing by David Backes.
8:16 of 3rd period - David Backes wins face-off versus Kevin Hayes in Blackhawks zone.
8:37 of 3rd period - Slapshot by Paul Byron.
8:37 of 3rd period - Stopped by Scott Darling without a rebound.
8:38 of 3rd period - Ryan Johansen wins face-off versus Jeff Carter in Blackhawks zone.
8:53 of 3rd period - Nino Niederreiter is hit by Tyler Toffoli and loses puck.
9:30 of 3rd period - Ron Hainsey is hit by Troy Brouwer and loses puck.
10:14 of 3rd period - Wrist shot by Kevin Hayes.
10:14 of 3rd period - Shot Blocked by Michael Del Zotto.
10:22 of 3rd period - Snap shot by Kevin Hayes.
10:22 of 3rd period - Stopped by Scott Darling with a rebound.
10:24 of 3rd period - Wrist shot by Carlo Colaiacovo.
10:24 of 3rd period - Shot Blocked by Pascal Dupuis.
10:34 of 3rd period - Snap shot by Paul Byron.
10:34 of 3rd period - Stopped by Scott Darling without a rebound.
10:35 of 3rd period - Riley Sheahan wins face-off versus Curtis Lazar in Blackhawks zone.
10:37 of 3rd period - Minor Penalty to Dustin Byfuglien for Roughing.
10:38 of 3rd period - Kevin Hayes wins face-off versus Jeff Carter in Blackhawks zone.
10:38 of 3rd period - Slapshot by Ryan Johansen.
10:38 of 3rd period - Shot Blocked by Andy Greene.
10:40 of 3rd period - Minor Penalty to Kevin Hayes for Hooking.
10:41 of 3rd period - Riley Sheahan wins face-off versus Paul Byron in Panthers zone.
10:52 of 3rd period - Snap shot by Riley Sheahan.
10:52 of 3rd period - Shot Misses the Net.
11:14 of 3rd period - Snap shot by Craig Smith.
11:14 of 3rd period - Deflect By Riley Sheahan.
11:14 of 3rd period - Shot Misses the Net.
11:14 of 3rd period - Puck is out of play.
11:15 of 3rd period - Martin Hanzal wins face-off versus Paul Byron in Panthers zone.
11:24 of 3rd period - Snap shot by Tanner Pearson.
11:24 of 3rd period - Shot Misses the Net.
11:26 of 3rd period - Slapshot by Sami Vatanen.
11:26 of 3rd period - Stopped by Kevin Poulin without a rebound.
11:27 of 3rd period - Martin Hanzal wins face-off versus Paul Byron in Panthers zone.
11:58 of 3rd period - Paul Byron is hit by Sami Vatanen and loses puck.
12:37 of 3rd period - Penalty to Dustin Byfuglien is over, Dustin Byfuglien is back on ice.
12:40 of 3rd period - Penalty to Kevin Hayes is over, Kevin Hayes is back on ice.
12:47 of 3rd period - Robert Bortuzzo is hit by Dustin Byfuglien and loses puck.
13:14 of 3rd period - Snap shot by Jeff Carter.
13:14 of 3rd period - Stopped by Kevin Poulin with a rebound.
13:22 of 3rd period - Wrist shot by Ryan Johansen.
13:22 of 3rd period - Stopped by Scott Darling with a rebound.
13:24 of 3rd period - Snap shot by Ryan Johansen.
13:24 of 3rd period - Goal by Ryan Johansen - Blackhawks : 8 - Panthers : 6.
13:25 of 3rd period - David Backes wins face-off versus Ryan Johansen in neutral zone.
14:22 of 3rd period - Charlie Coyle is hit by Martin Hanzal and loses puck.
14:30 of 3rd period - Icing by Carlo Colaiacovo.
14:31 of 3rd period - Charlie Coyle wins face-off versus Jeff Carter in Panthers zone.
15:05 of 3rd period - Snap shot by Jesper Fast.
15:05 of 3rd period - Stopped by Scott Darling without a rebound.
15:06 of 3rd period - Curtis Lazar wins face-off versus Martin Hanzal in Blackhawks zone.
15:21 of 3rd period - Wrist shot by Martin Hanzal.
15:21 of 3rd period - Deflect By Troy Brouwer.
15:21 of 3rd period - Shot Blocked by Robert Bortuzzo.
15:21 of 3rd period - Puck is out of play.
15:22 of 3rd period - Martin Hanzal wins face-off versus Curtis Lazar in Panthers zone.
17:00 of 3rd period - Minor Penalty to Simon Despres for Holding.
17:01 of 3rd period - Kevin Hayes wins face-off versus Martin Hanzal in Panthers zone.
17:25 of 3rd period - Slapshot by Martin Hanzal.
17:25 of 3rd period - Deflect By Ron Hainsey.
17:25 of 3rd period - Shot Misses the Net.
17:25 of 3rd period - Puck is out of play.
17:26 of 3rd period - David Backes wins face-off versus Kevin Hayes in Panthers zone.
18:45 of 3rd period - Off-side.
18:46 of 3rd period - Brad Boyes wins face-off versus David Backes in neutral zone.
19:00 of 3rd period - Penalty to Simon Despres is over, Simon Despres is back on ice.
19:11 of 3rd period - Slapshot by Dustin Byfuglien.
19:11 of 3rd period - Stopped by Kevin Poulin without a rebound.
19:12 of 3rd period - Martin Hanzal wins face-off versus Curtis Lazar in Panthers zone.
Goals for this period are 2 for Blackhawks vs 2 for Panthers.
Shots for this period are 7 for Blackhawks vs 10 for Panthers.